 Dungeon Crawl Stone Soup version 0.27.0-1-g7a089689b8 (webtiles) character file.

Game seed: 12163340050891004013

91 trckry the Cudgeller (level 4, 0/44 HPs)
             Began as an Ogre Warper on Aug 14, 2021.
             Slain by a gnoll (8 damage)
             ... on level 3 of the Dungeon.
             The game lasted 00:06:25 (2561 turns).

trckry the Cudgeller (Ogre Warper)                  Turns: 2561, Time: 00:06:25

Health: 0/44       AC:  3    Str: 15    XL:     4   Next: 59%
Magic:  7/7        EV:  9    Int: 15    God:
Gold:   48         SH:  0    Dex:  8    Spells: 2/7 levels left

rFire    . . .     SeeInvis .   a - +2 whip (drain)
rCold    . . .     Faith    .   (no shield)
rNeg     . . .     Spirit   .   b - +0 robe
rPois    .         Reflect  .   (helmet restricted)
rElec    .         Harm     .   (no cloak)
rCorr    .         Rampage  .   (gloves unavailable)
Will     .....                  (boots unavailable)
Stlth    +.........             (no amulet)
HPRegen  0.14/turn              m - ring of wizardry
MPRegen  0.10/turn              (no ring)

@: no status effects
A: large, unfitting armour, tough skin 1
a: no special abilities


You were on level 3 of the Dungeon.
You visited 1 branch of the dungeon, and saw 3 of its levels.

You collected 48 gold pieces.

Inventory:

Hand Weapons
 a - a +2 whip of draining (weapon)
Missiles
 d - 5 boomerangs of dispersal (quivered)
Armour
 b - a +0 robe (worn)
Jewellery
 m - a ring of wizardry (left hand)
Scrolls
 c - 2 scrolls of blinking
 f - a scroll of noise {unknown}
 i - a scroll of teleportation {unknown}
 j - a scroll of immolation {unknown}
 k - a scroll of torment {unknown}
 o - a scroll of magic mapping {unknown}
Potions
 e - 2 potions of brilliance {unknown}
 g - a potion of curing {unknown}
 h - a potion of might {unknown}
 l - a potion of cancellation {unknown}
 n - 2 potions of degeneration {unknown}
 p - 2 potions of magic {unknown}


   Skills:
 - Level 2.6 Fighting
 * Level 3.6 Maces & Flails
 - Level 1.0 Throwing
 - Level 2.1 Dodging
 - Level 2.4 Spellcasting
 + Level 3.4 Translocations


You had 2 spell levels left.
You knew the following spells:

 Your Spells              Type           Power      Damage    Failure   Level
a - Blink                 Tloc           N/A        N/A       3%          2
b - Gell's Gravitas       Tloc           6%         N/A       6%          3

Your spell library contained the following spells:

 Spells                   Type           Power      Damage    Failure   Level
 Lesser Beckoning         Tloc           6%         N/A       6%          3
 Teleport Other           Tloc           12%        N/A       6%          3
 Manifold Assault         Tloc           12%        N/A       47%         5


Dungeon Overview and Level Annotations

Branches:
Dungeon (3/15)

Altars:

Shops:
D:3 =


Innate Abilities, Weirdness & Mutations

You are too large for most types of armour.
You have tough skin. (AC +1)


Message History

The gnoll is heavily wounded.
The gnoll hits you with a +0 spear.
You take 5 damage, and have 29/44 hp.
You hit the gnoll.
The gnoll is severely wounded.
The gnoll hits you with a +0 spear.
You take 4 damage, and have 25/44 hp.
You hit the gnoll.
The gnoll is almost dead.
The gnoll hits you with a +0 spear.
You take 5 damage, and have 20/44 hp.
You closely miss the gnoll.
The gnoll is almost dead.
The gnoll hits you with a +0 spear.
You take 5 damage, and have 15/44 hp.
You hit the gnoll.
You kill the gnoll!
You hear a shout!
A goblin comes into view. It is wielding a +0 dagger.
You hit the goblin.
The goblin is heavily wounded.
The goblin closely misses you.
You barely miss the goblin.
The goblin is heavily wounded.
You hit the goblin.
You kill the goblin!
Items here: ( ))))))) ††††.
You start resting.
A gnoll comes into view. It is wielding a +0 spear.
You hit the gnoll but do no damage. The gnoll hits you with a +0 spear!
* * * LOW HITPOINT WARNING * * *
You take 9 damage, and have 8/44 hp.
MASSIVE DAMAGE!!
You closely miss the gnoll. The gnoll hits you but does no damage.
You hit the gnoll.
The gnoll is lightly wounded.
The gnoll misses you.
You hit the gnoll.
The gnoll is heavily wounded.
The gnoll hits you with a +0 spear!
You die...

###.. . #.....# #.#.#.###
#....... #####.#.#.# ######
### ...(..>.. ....###.##
#.#.#.## # #....#∩#.###.....#
#
##.##..##..##@#.#..#.#####.###
#.......#..###g##.###.........
#..##........[.##..#...<......
#........####..##..>...g?..###
.# #...##.###
#..####........... .# #...
#.### #..# ###########g
.###...##.#.####..#
..................#
..##........#####.#


You could see a gnoll.

Vanquished Creatures
  2 gnolls (D:3)
  2 worms (D:2)
  A dart slug (D:2)
  3 endoplasms
  6 giant cockroaches
  10 goblins
  7 hobgoblins
  2 jackals (D:1)
  3 quokkas
  4 ball pythons
  7 bats
  3 frilled lizards (D:1)
  4 kobolds
  5 rats
59 creatures vanquished.

Vanquished Creatures (others)
  12 plants (D:1)
12 creatures vanquished.

Grand Total: 71 creatures vanquished

Notes
Turn   | Place    | Note
-------+----------+-------------------------------------------
     0 | D:1      | trckry the Ogre Warper began the quest for the Orb.
     0 | D:1      | Reached XP level 1. HP: 22/22 MP: 3/3
   140 | D:1      | Reached XP level 2. HP: 5/29 MP: 5/5
   143 | D:1      | Learned a level 2 spell: Blink
   690 | D:1      | Reached XP level 3. HP: 34/36 MP: 6/6
   694 | D:1      | Learned a level 3 spell: Gell's Gravitas
  1979 | D:2      | Reached XP level 4. HP: 33/44 MP: 7/7
  2420 | D:3      | Found Utotag's Jewellery Shoppe.
  2561 | D:3      | Slain by a gnoll

Illustrated notes

Levels and vault maps discovered:
D:1:      lightli_arrival_flooded_house, layout_loops_ring, serial_bayou_lake_a
D:2:      layout_rooms, grunt_ministairs_3
D:3:      layout_loops_ring, serial_shops, shop, kennysheep_cross_room,
          grunt_decor_cap, uniq_robin

Skill      XL: |  1  2  3 |
---------------+----------+-----
Maces & Flails | 2 3 |  3.6
Translocations | 3 |  3.4
Fighting       | |  2.6
Throwing       | |  1.0
Dodging        | |  2.1
Spellcasting   | |  2.4

Action                   |  1- 3 |  4- 6 || total
-------------------------+-------+-------++-------
Melee: Mace              |   160 |       ||   160
       Whip              |     6 |    47 ||    53
 Cast: Gell's Gravitas   |     3 |       ||     3
 Stab: Sleeping          |     1 |       ||     1
Armor: Robe              |    63 |    16 ||    79
Dodge: Dodged            |    85 |    14 ||    99
